 Dungeon Crawl Stone Soup version 0.27.0-1-g7a089689b8 (webtiles) character file.

Game seed: 2364192679002552527

2 DearestLeader the Caller (level 1, -1/13 HPs)
             Began as a Merfolk Summoner on Aug 12, 2021.
             Slain by a jackal (2 damage)
             ... on level 1 of the Dungeon.
             The game lasted 00:01:22 (172 turns).

DearestLeader the Caller (Merfolk Summoner)          Turns: 172, Time: 00:01:22

Health: -1/13      AC:  2    Str:  8    XL:     1   Next: 30%
Magic:  1/3        EV: 12    Int: 14    God:
Gold:   8          SH:  0    Dex: 14    Spells: 3/4 levels left

rFire    . . .     SeeInvis .   (no weapon)
rCold    . . .     Faith    .   (no shield)
rNeg     . . .     Spirit   .   a - +0 robe
rPois    .         Reflect  .   (no helmet)
rElec    .         Harm     .   (no cloak)
rCorr    .         Rampage  .   (no gloves)
Will     .....                  (no boots)
Stlth    ++........             (no amulet)
HPRegen  0.04/turn              b - ring of flight
MPRegen  0.08/turn              (no ring)

@: flying
A: (nimble swimmer 2), mertail
a: no special abilities


You were on level 1 of the Dungeon.
You visited 1 branch of the dungeon, and saw 1 of its levels.

You collected 8 gold pieces.

Inventory:

Armour
 a - a +0 robe (worn)
Jewellery
 b - a ring of flight (left hand)


   Skills:
 + Level 2.8 Dodging
 - Level 2.1 Stealth
 - Level 2.0 Spellcasting
 * Level 4.0 Summonings


You had 3 spell levels left.
You knew the following spells:

 Your Spells              Type           Power      Damage    Failure   Level
a - Summon Small Mammal   Summ           48%        N/A       4%          1

Your spell library contained the following spells:

 Spells                   Type           Power      Damage    Failure   Level
 Call Imp                 Summ           12%        N/A       7%          2
 Call Canine Familiar     Summ           12%        N/A       14%         3
 Summon Guardian Golem    Hex/Summ       7%         N/A       30%         3
 Summon Lightning Spire   Summ/Air       7%         N/A       71%         4


Dungeon Overview and Level Annotations

Branches:
Dungeon (1/15)

Altars:


Innate Abilities, Weirdness & Mutations

((You are quick and stealthy near water. (Stealth+, EV+, Speed+++)))
Your lower body shifts to a powerful aquatic tail in water.


Message History

Your bat misses the jackal.
Your bat closely misses the jackal. x2
Your bat barely misses the jackal.
The jackal bites your bat.
Your bat barely misses the jackal.
The jackal closely misses your bat.
Your bat closely misses the jackal.
Your bat hits the jackal but does no damage. x2
The jackal closely misses your bat. The jackal bites your bat.
Your bat dies!
Your bat's corpse disappears in a puff of smoke!
The jackal barks!
Your bat barely misses the jackal. x2
Your bat closely misses the jackal.
Your bat barely misses the jackal.
Your bat barely misses the jackal.
Your bat hits the jackal but does no damage.
Casting: Summon Small Mammal (safe; 4% risk of failure)
Confirm with . or Enter, or press ? or * to list all spells.
Your bat hits the jackal but does no damage.
Your bat hits the jackal but does no damage.
Your bat barely misses the jackal.
Your bat closely misses the jackal.
The jackal barely misses you.
Your bat barely misses the jackal.
You hit the jackal.
You kill the jackal!
Your bat disappears in a puff of smoke!
The jackal barely misses you.
The jackal bites your bat but does no damage.
Your bat closely misses the jackal.
Your bat hits the jackal but does no damage.
The jackal closely misses you.
Your bat hits the jackal but does no damage.
Your bat hits the jackal.
The jackal bites you. x3; The jackal misses you.
Your bat closely misses the jackal.
Your bat hits the jackal. The jackal bites you.
* * * LOW HITPOINT WARNING * * *
There is a stone staircase leading down here.
Your bat barely misses the jackal.
The jackal bites your bat. The jackal misses you.
Your bat closely misses the jackal.
Your bat misses the jackal.
Your bat closely misses the jackal.
The jackal bites you.
You die...

... ### #.#############
#>#####.............
#....<##.........#
#.######>...†....#######.
#'##.# #.b..†............
#.##.###.........####....
#.....##hh....#.#.....#
#####.##@.....#.##..###
#...........#.##..!..#
#..####....##.##.###..#
##. #.#####.#..# .# ##
#......^#... .
############


You could see 2 jackals and a friendly bat (summoned).

Vanquished Creatures
  2 jackals (D:1)
2 creatures vanquished.

Vanquished Creatures (collateral kills)
  A rat (D:1)
1 creature vanquished.

Grand Total: 3 creatures vanquished

Notes
Turn   | Place    | Note
-------+----------+-------------------------------------------
     0 | D:1      | DearestLeader the Merfolk Summoner began the quest for the
                  | Orb.
     0 | D:1      | Reached XP level 1. HP: 13/13 MP: 3/3
   172 | D:1      | Slain by a jackal

Illustrated notes

Levels and vault maps discovered:
D:1:      amcnicky_arrival_choice, layout_rooms,
          shapermc_ecumenical_altar_petra, corner_web_ring

Action                   || total
-------------------------++-------
Melee: Unarmed           ||    18
 Cast: Summon Small Mamm ||    10
Armor: Robe              ||     5
Dodge: Dodged            ||    16
